 Dungeon Crawl Stone Soup version bcrawl-1.41.1 (webtiles) character file.

Game seed: 2650470162829642043

260174 Yshiel the Chiller (level 8, -5/58 HPs)
             Began as a Gnoll Ice Elementalist on Apr 16, 2024.
             Was a Believer of Okawaru.
             Splashed by an acid dragon's acid (16 damage)
             ... on level 5 of the Dungeon.
             The game lasted 00:28:01 (4115 turns).

Yshiel the Chiller (Gnoll Ice Elementalist)         Turns: 4115, Time: 00:28:02

Health: -5/58      AC: -1    Str: 10    XL:     8   Next: 32%
Magic:  16/16      EV: 21    Int: 18    God:    Okawaru [**....]
Gold:   741        SH:  0    Dex: 18    Spells: 17/18 levels left

rFire    . . .     GDR:     32% q - +2 quarterstaff (holy)
rCold    . . .     SeeInvis .   (shield currently unavailable)
rNeg     . . .     Gourm    .   a - +0 robe
rPois    .         Faith    .   (no helmet)
rElec    .         Spirit   .   (no cloak)
rCorr    .         Reflect  .   (no gloves)
MR       .....                  (no boots)
Stlth    +++.......             (no amulet)
HPRegen  0.19/turn              v - +5 ring of evasion
MPRegen  0.15/turn              (no ring)

@: corroded
A: distributed training, fangs 1, strong nose
a: Heroism, Renounce Religion


You were on level 5 of the Dungeon.
You worshipped Okawaru.
Okawaru was pleased with you.
You were not hungry.

You visited 1 branch of the dungeon, and saw 6 of its levels.
You also visited: Ossuary.

You collected 741 gold pieces.

Inventory:

Hand Weapons
 b - a +0 whip
 q - a +2 quarterstaff of holy wrath (weapon)
 z - the +9 trident of Bitibekk {antimagic, Dex+2}
   (You found it on level 5 of the Dungeon)

   It reduces the magical energy of the wielder, and disrupts the spells and
   magical abilities of those hit.
   Natural abilities and divine invocations are not affected.
   It affects your dexterity (+2).
Missiles
 d - 254 sling bullets
 k - 82 poisoned tomahawks
 l - 387 stones (quivered)
Armour
 a - a +0 robe (worn)
 g - a +0 helmet
Jewellery
 r - an uncursed ring of resist corrosion {unknown}
 v - a +5 ring of evasion (left hand)
Wands
 c - a wand of iceblast (1)
 u - a wand of acid (7)
Scrolls
 h - a scroll of amnesia {unknown}
 j - 4 scrolls of teleportation
 t - 11 scrolls of remove curse
 w - a scroll of enchant weapon {unknown}
 x - a scroll of enchant armour {unknown}
 y - 4 scrolls of fog
 A - 2 scrolls of immolation {unknown}
 B - a scroll of acquirement {unknown}
 C - a scroll of fear
 E - a scroll of revelation
Potions
 f - a potion of degeneration {unknown}
 i - a potion of cancellation {unknown}
 m - a potion of lignification {unknown}
 n - a potion of curing
 o - 3 potions of heal wounds {unknown}
 p - a potion of brilliance {unknown}
 s - 3 potions of agility {unknown}
 D - a potion of haste {unknown}
 F - 2 potions of flight {unknown}
Comestibles
 e - 5 rations {!d}
 G - a chunk of flesh


   Skills:
 + Level 3.1 Fighting
 + Level 3.1 Short Blades
 + Level 3.1 Long Blades
 + Level 3.1 Axes
 + Level 3.1 Maces & Flails
 + Level 3.1 Polearms
 + Level 3.1 Staves
 + Level 3.1 Slings
 + Level 3.1 Bows
 + Level 3.1 Crossbows
 + Level 3.1 Throwing
 + Level 3.1 Armour
 + Level 5.6 Dodging
 + Level 5.6 Stealth
 + Level 3.1 Shields
 + Level 3.1 Unarmed Combat
 + Level 5.9 Spellcasting
 + Level 3.3 Conjurations
 + Level 2.5 Hexes
 + Level 2.5 Charms
 + Level 2.5 Summonings
 + Level 2.5 Necromancy
 + Level 2.5 Translocations
 + Level 2.5 Transmutations
 + Level 2.5 Fire Magic
 + Level 6.0 Ice Magic
 + Level 2.5 Air Magic
 + Level 2.5 Earth Magic
 + Level 2.5 Poison Magic
 + Level 3.4 Invocations
 + Level 3.1 Evocations


You had 17 spell levels left.
You knew the following spells:

 Your Spells              Type           Power        Failure   Level  Hunger
a - Freeze                Ice            ####..       1%          1    None

Your spell library contained the following spells:

 Spells                   Type           Power        Failure   Level  Hunger
 Throw Frost              Conj/Ice       ###...       1%          2    None
 Apportation              Tloc           ##....       4%          1    None
 Corona                   Hex            ##.....      4%          1    None
 Infusion                 Chrm           ##......     4%          1    None
 Sandblast                Erth           ##....       4%          1    None
 Slow                     Hex            ##......     4%          1    None
 Summon Butterflies       Summ           ##......     4%          1    None
 Ozocubu's Armour         Chrm/Ice       ###.....     6%          3    ##.....
 Recall                   Summ/Tloc      N/A          13%         3    ##.....
 Regeneration             Chrm/Necr      ##........   13%         3    ##.....
 Throw Icicle             Conj/Ice       ###.....     17%         4    ####...
 Ice Form                 Ice/Tmut       ###.....     21%         4    ####...
 Summon Ice Beast         Ice/Summ       ###.....     21%         4    ####...
 Animate Dead             Necr           N/A          38%         4    ####...
 Dispel Undead            Necr           ##......     75%         5    ######.
 Simulacrum               Ice/Necr       ###.....     97%         6    #######
 Death Channel            Chrm/Necr      ##........   100%        6    #######


Dungeon Overview and Level Annotations

Branches:
Dungeon (6/12)
 Temple: D:4-7

Altars:
Elyvilon
Fedhas
Hepliaklqana
Okawaru
Trog
Uskayaw
The Shining One


Innate Abilities, Weirdness & Mutations

Your experience applies equally to all skills.
You have very sharp teeth.
Your uncanny sense of smell can sniff out nearby items.


Message History

The centaur shoots an arrow.
The arrow misses you.
Some of the chunks of flesh in your inventory have rotted away.
A rune on the stairs sparks and fizzles.
You climb upwards.
There is a stone staircase leading down here.
You hit the acid dragon.
The acid dragon is lightly wounded.
The acid dragon closely misses you. The acid dragon misses you.
You closely miss the acid dragon.
You bite the acid dragon, but do no damage.
The acid dragon is lightly wounded.
The acid dragon bites you!
* * * LOW HITPOINT WARNING * * *
The acid dragon completely misses you.
You feel better. The acid dragon spits acid at you.
The splash of acid hits you!
* * * LOW HITPOINT WARNING * * *
The acid corrodes you!
You are splashed with acid!
You die...

..############.# #....##
..#⌠###8###8#..######.#^#
..##..........#.........#
..##..........#.........#
..##..######.##.........#
..#8..# #...##.........#
..##..# #.#.#..........#
.###..####.#............#
.###..##......#.@.......#
..#8..........#D........#
..##..>#....#.#####.#####
.#.........##.## #.#
##.##..#.####..## #.#
#..##....## ##..###.#
..####....# ##..##.#
.###....#.## ##....#
#....#..#..# ##...##


You could see an acid dragon.

Vanquished Creatures
  An orc warrior (D:5)
  An ogre (D:4)
  2 scorpions
  2 killer bees (D:5)
  2 orc priests (D:5)
  A quasit (D:5)
  A jelly (D:5)
  An orc wizard (D:5)
  4 iguanas
  4 worker ants
  A kobold zombie (Ossuary)
  8 mummies (Ossuary)
  A worker ant zombie (D:5)
  Robin (D:4)
  7 adders
  4 gnolls (D:4)
  3 shadow imps
  4 worms
  A dart slug (D:1)
  4 leopard geckos
  8 orcs
  2 ball pythons
  7 bats
  5 giant cockroaches
  9 goblins
  10 hobgoblins
  2 jackals (D:3)
  4 quokkas
  3 frilled lizards
  A hobgoblin zombie (Ossuary)
  8 kobolds
  6 orc zombies (Ossuary)
  A quokka skeleton (D:3)
  5 rats
124 creatures vanquished.

Vanquished Creatures (others)
  4 toadstools (D:1)
4 creatures vanquished.

Grand Total: 128 creatures vanquished

Notes
Turn   | Place    | Note
-------+----------+-------------------------------------------
     0 | D:1      | Yshiel the Gnoll Ice Elementalist began the quest for the
                  | Orb.
     0 | D:1      | Reached XP level 1. HP: 13/13 MP: 6/6
    64 | D:1      | Reached XP level 2. HP: 19/19 MP: 7/7
   310 | D:1      | Reached XP level 3. HP: 23/25 MP: 1/9
   523 | D:1      | Reached skill level 5 in Spellcasting
   751 | D:2      | Found an iron altar of Okawaru.
   759 | D:2      | Became a worshipper of Warmaster Okawaru
   874 | D:2      | Reached skill level 1 in Invocations
  1310 | D:3      | Reached skill level 1 in Fighting
  1310 | D:3      | Reached skill level 1 in Short Blades
  1310 | D:3      | Reached skill level 1 in Long Blades
  1310 | D:3      | Reached skill level 1 in Axes
  1310 | D:3      | Reached skill level 1 in Maces & Flails
  1310 | D:3      | Reached skill level 1 in Polearms
  1310 | D:3      | Reached skill level 1 in Staves
  1310 | D:3      | Reached skill level 1 in Slings
  1310 | D:3      | Reached skill level 1 in Bows
  1310 | D:3      | Reached skill level 1 in Crossbows
  1310 | D:3      | Reached skill level 1 in Throwing
  1310 | D:3      | Reached skill level 1 in Armour
  1310 | D:3      | Reached skill level 1 in Shields
  1310 | D:3      | Reached skill level 1 in Unarmed Combat
  1310 | D:3      | Reached skill level 1 in Evocations
  1316 | D:3      | Reached XP level 4. HP: 32/32 MP: 11/11
  1442 | D:3      | Found a blossoming altar of Fedhas.
  1592 | D:3      | Reached skill level 1 in Hexes
  1592 | D:3      | Reached skill level 1 in Charms
  1592 | D:3      | Reached skill level 1 in Summonings
  1592 | D:3      | Reached skill level 1 in Necromancy
  1592 | D:3      | Reached skill level 1 in Translocations
  1592 | D:3      | Reached skill level 1 in Transmutations
  1592 | D:3      | Reached skill level 1 in Fire Magic
  1592 | D:3      | Reached skill level 1 in Air Magic
  1592 | D:3      | Reached skill level 1 in Earth Magic
  1592 | D:3      | Reached skill level 1 in Poison Magic
  1653 | D:3      | Reached XP level 5. HP: 5/37 MP: 10/12
  1741 | D:3      | Found a hazy altar of Hepliaklqana.
  2183 | D:4      | Noticed an ogre
  2189 | D:4      | Killed an ogre
  2190 | D:4      | Reached XP level 6. HP: 44/44 MP: 9/14
  2207 | D:4      | Found a glowing golden altar of the Shining One.
  2310 | D:4      | Reached * piety under Okawaru
  2311 | D:4      | Reached skill level 5 in Dodging
  2311 | D:4      | Reached skill level 5 in Stealth
  2347 | D:4      | Found a hide-covered altar of Uskayaw.
  2368 | D:4      | Noticed Robin
  2413 | D:4      | Killed Robin
  2688 | D:4      | Reached XP level 7. HP: 42/50 MP: 4/15
  2845 | D:5      | Entered Level 5 of the Dungeon
  3117 | D:5      | Found a bloodstained altar of Trog.
  3220 | D:5      | Reached ** piety under Okawaru
  3237 | D:5      | Got a fading trident
  3238 | D:5      | Identified the +9 trident of Bitibekk {antimagic, Dex+2}
                  | (You found it on level 5 of the Dungeon)
  3243 | D:5      | Found a sand-covered staircase.
  3253 | Ossuary  | Entered an ossuary
  3444 | Ossuary  | Reached XP level 8. HP: 57/57 MP: 16/16
  3707 | D:6      | Reached skill level 6 in Ice Magic
  4004 | D:5      | Found a white marble altar of Elyvilon.
  4115 | D:5      | Splashed by an acid dragon's acid

Skill      XL: |  1  2  3  4  5  6  7  8 |
---------------+-------------------------+-----
Conjurations   | 2 3 |  3.3
Spellcasting   | 5 |  5.9
Invocations    | 1 2 3 |  3.4
Fighting       | 1 2 3 |  3.1
Short Blades   | 1 2 3 |  3.1
Long Blades    | 1 2 3 |  3.1
Axes           | 1 2 3 |  3.1
Maces & Flails | 1 2 3 |  3.1
Polearms       | 1 2 3 |  3.1
Staves         | 1 2 3 |  3.1
Slings         | 1 2 3 |  3.1
Bows           | 1 2 3 |  3.1
Crossbows      | 1 2 3 |  3.1
Throwing       | 1 2 3 |  3.1
Armour         | 1 2 3 |  3.1
Shields        | 1 2 3 |  3.1
Unarmed Combat | 1 2 3 |  3.1
Evocations     | 1 2 3 |  3.1
Hexes          | 1 2 |  2.5
Charms         | 1 2 |  2.5
Summonings     | 1 2 |  2.5
Necromancy     | 1 2 |  2.5
Translocations | 1 2 |  2.5
Transmutations | 1 2 |  2.5
Fire Magic     | 1 2 |  2.5
Air Magic      | 1 2 |  2.5
Earth Magic    | 1 2 |  2.5
Poison Magic   | 1 2 |  2.5
Dodging        | 5 |  5.6
Stealth        | 5 |  5.6
Ice Magic      | 6 |  6.0

Action                   |  1- 3 |  4- 6 |  7- 9 || total
-------------------------+-------+-------+-------++-------
Melee: Whip              |    20 |       |       ||    20
       Quarterstaff      |    12 |   101 |   106 ||   219
       Bite              |     1 |    10 |    13 ||    24
 Cast: Freeze            |    39 |    36 |    48 ||   123
  Use: Scroll            |       |     7 |     1 ||     8
       Potion            |       |     1 |     5 ||     6
 Stab: Sleeping          |     5 |     2 |     4 ||    11
  Eat: Chunk             |     2 |     9 |     5 ||    16
       Ration            |       |       |     1 ||     1
Armor: Robe              |     7 |     6 |     7 ||    20
Dodge: Dodged            |    48 |   132 |   170 ||   350
